 Dungeon Crawl Stone Soup version 0.31-a0-1008-g5b978da (webtiles) character file.

Game seed: 17998633690987191918

709571 NewUser1 the Royal Jelly (level 27, -23/299 (302) HPs)
             Began as a Demonspawn Fighter on Nov 12, 2023.
             Was the Champion of Jiyva.
             Annihilated by a reaper
             ... wielding a +2 scythe of protection
              (50 damage)
             ... in Pandemonium.
             The game lasted 01:43:14 (59535 turns).

NewUser1 the Royal Jelly (Demonspawn Fighter)      Turns: 59535, Time: 01:43:14

HP:   -23/299 (302) AC: 39    Str: 33    XL:     27
MP:   16/40         EV: 10    Int:  9    God:    Jiyva [******]
Gold: 3936          SH: 36    Dex: 20    Spells: 26/26 levels left

rFire   + + +        i - +16 obsidian axe {drain, demonic, Mesm Drain Fly SInv}
rCold   + + +        W - +0 tower shield {AC+3}
rNeg    + + .        c - +4 gold dragon scales
rPois   +            (helmet unavailable)
rElec   +            x - scarf {rC+ rF+}
rCorr   +            e - +2 pair of gloves {infuse}
SInv    +            s - +2 pair of boots
Will    ++...        P - amulet of Muheq {Reflect Fragile rF+ Slay+2 SH+5} Stlth
                     h - ring "Iruvel" {rElec rC+ Str+3 Slay+4}
HPRegen 8.29/turn    m - ring of Tyeciebb {rElec rN++ AC+4}
MPRegen 0.77/turn

%: reflection, infuse magic (1 MP)
@: mighty, weakened, corroded, flying, mesmerised, lightly drained
A: horns 3, molten scales 3, powered by death 3, powered by pain 3, robust 3,
talons 1, large bone plates 3, agile 2, fire resistance 2, strong 1, translucent
skin 1, MP-powered wands, engulf, noise suppression
}: 4/15 runes: serpentine, barnacled, silver, abyssal
a: Renounce Religion, Oozemancy, Slimify


You were in Pandemonium.
You worshipped Jiyva.
Jiyva was exalted by your worship.
You visited 12 branches of the dungeon, and saw 52 of its levels.
You visited Pandemonium 1 time, and saw 3 of its levels.
You visited the Abyss 3 times.

You collected 7552 gold pieces.
You spent 3616 gold pieces at shops.

Inventory:

Hand Weapons
 i - the +16 obsidian axe (weapon) {drain, demonic, Mesm Drain Fly SInv}
   (You bought it in a shop on level 2 of the Vaults)

   Mesm:      Its wielder is mesmerised by any visible foes, and it cannot be
   unequipped while any foes are visible.
   SInv:      It lets you see invisible.
   Fly:       It grants you flight.
   Drain:     It drains your maximum health when unequipped.
Missiles
 Q - 2 throwing nets
Armour
 c - +4 gold dragon scales (worn)
 e - a +2 pair of gloves of infusion (worn)
 s - a +2 pair of boots (worn)
 x - a scarf of resistance (worn)
 W - a +0 tower shield of protection (worn)
Jewellery
 h - the ring "Iruvel" (left hand) {rElec rC+ Str+3 Slay+4}
   (You found it on level 1 of the Snake Pit)

   [ring of slaying]

   Str+3:     It affects your strength (+3).
   Slay+4:    It affects your accuracy & damage with ranged weapons and melee
   (+4).
   rC+:       It protects you from cold.
   rElec:     It insulates you from electricity.
 m - the ring of Tyeciebb (right hand) {rElec rN++ AC+4}
   (You took it off a yaktaur captain on level 5 of the Vaults)

   [ring of protection]

   AC+4:      It affects your AC (+4).
   rElec:     It insulates you from electricity.
   rN++:      It greatly protects you from negative energy.
 C - the ring of Suspected Treachery {rCorr Str+6}
   (You found it on level 2 of the Realm of Zot)

   [ring of strength]

   Str+6:     It affects your strength (+6).
   rCorr:     It protects you from acid and corrosion.
 F - a ring of fire
 P - the amulet of Muheq (around neck) {Reflect Fragile rF+ Slay+2 SH+5}
   (You bought it in a shop on level 2 of the Orcish Mines)

   [amulet of reflection]

   Reflect:   It reflects blocked missile attacks.
   Slay+2:    It affects your accuracy & damage with ranged weapons and melee
   (+2).
   rF+:       It protects you from fire.
   Fragile:   It will be destroyed if unequipped.
   SH+5:      It affects your SH (+5).
Wands
 g - a wand of quicksilver (20)
 k - a wand of polymorph (64)
 r - a wand of flame (75)
 u - a wand of iceblast (52)
 v - a wand of paralysis (57)
 B - a wand of mindburst (35)
 N - a wand of digging (7)
Scrolls
 d - 9 scrolls of poison
 n - 3 scrolls of summoning
 p - 6 scrolls of silence
 y - 5 scrolls of fog
 A - 14 scrolls of fear
 G - 16 scrolls of teleportation
 H - 8 scrolls of revelation
 K - 7 scrolls of blinking
Potions
 a - 5 potions of ambrosia
 b - 9 potions of haste
 f - 2 potions of enlightenment
 j - 5 potions of attraction
 l - 4 potions of resistance
 o - 18 potions of curing
 q - 2 potions of mutation
 t - 6 potions of invisibility
 w - 7 potions of magic
 z - 10 potions of might
 D - 2 potions of lignification
 E - 21 potions of heal wounds
 J - a potion of cancellation
 L - 2 potions of berserk rage
 M - a potion of brilliance
Miscellaneous
 I - a condenser vane
 O - a sack of spiders (inert)
 X - a phantom mirror (inert)


   Skills:
 + Level 22.7 Fighting
 * Level 24.7 Axes
 + Level 16.6 Armour
 + Level 6.7 Dodging
 + Level 9.3 Stealth
 + Level 21.1 Shields
 + Level 0.3 Unarmed Combat
 O Level 27 Invocations
 * Level 21.7 Evocations


You had 26 spell levels left.
You didn't know any spells.
Your spell library contained the following spells:

 Spells                   Type           Power      Damage    Failure   Level
 Apportation              Tloc           0%         N/A       99%         1
 Foxfire                  Conj/Fire      0%         2x1d4     99%         1
 Freeze                   Ice            0%         1d3       99%         1
 Kiss of Death            Conj/Necr      0%         2d5       99%         1
 Magic Dart               Conj           0%         1d3       99%         1
 Necrotise                Necr           0%         1d4       99%         1
 Slow                     Hex            0%         N/A       99%         1
 Sting                    Tmut/Pois      0%         1d3       99%         1
 Summon Small Mammal      Summ           0%         N/A       99%         1
 Blink                    Tloc           0%         N/A       100%        2
 Cigotuvi's Dreadful Rot  Necr/Pois/Air  0%         N/A       100%        2
 Jinxbite                 Hex            0%         N/A       100%        2
 Lesser Beckoning         Tloc           0%         N/A       100%        2
 Momentum Strike          Conj/Tloc      0%         3d8       100%        2
 Poisonous Vapours        Pois/Air       0%         N/A       100%        2
 Searing Ray              Conj           0%         2d4       100%        2
 Static Discharge         Conj/Air       0%         3-3/arc   100%        2
 Sublimation of Blood     Necr           0%         N/A       100%        2
 Wereblood                Tmut           0%         N/A       100%        2
 Call Canine Familiar     Summ           0%         N/A       100%        3
 Confusing Touch          Hex            0%         N/A       100%        3
 Dazzling Flash           Conj/Hex       0%         N/A       100%        3
 Frozen Ramparts          Ice            0%         1d1       100%        3
 Gell's Gravitas          Tloc           0%         N/A       100%        3
 Hailstorm                Conj/Ice       0%         3d3       100%        3
 Ignite Poison            Fire/Tmut/Pois 0%         N/A       100%        3
 Inner Flame              Hex/Fire       0%         N/A       100%        3
 Mephitic Cloud           Conj/Pois/Air  0%         N/A       100%        3
 Ozocubu's Armour         Ice            0%         N/A       100%        3
 Sigil of Binding         Hex            0%         N/A       100%        3
 Stone Arrow              Conj/Erth      0%         3d7       100%        3
 Swiftness                Air            0%         N/A       100%        3
 Tukima's Dance           Hex            0%         N/A       100%        3
 Vampiric Draining        Necr           0%         2d6       100%        3
 Volatile Blastmotes      Fire/Tloc      0%         2d10      100%        3
 Airstrike                Air            0%         2d(0-16)  100%        4
 Anguish                  Hex/Necr       0%         N/A       100%        4
 Animate Armour           Summ/Erth      0%         N/A       100%        4
 Animate Dead             Necr           0%         N/A       100%        4
 Cause Fear               Hex            0%         N/A       100%        4
 Dimensional Bullseye     Hex/Tloc       0%         N/A       100%        4
 Dispel Undead            Necr           0%         3d6       100%        4
 Flame Wave               Conj/Fire      0%         2d4       100%        4
 Fulminant Prism          Conj/Hex       0%         3d5       100%        4
 Iskenderun's Mystic Bla  Conj/Tloc      0%         2d3       100%        4
 Leda's Liquefaction      Hex/Erth       0%         N/A       100%        4
 Manifold Assault         Tloc           0%         N/A       100%        4
 Olgreb's Toxic Radiance  Pois           0%         N/A       100%        4
 Passage of Golubria      Tloc           0%         N/A       100%        4
 Petrify                  Tmut/Erth      0%         N/A       100%        4
 Sticky Flame             Conj/Fire      0%         2d3       100%        4
 Summon Ice Beast         Ice/Summ       0%         N/A       100%        4
 Summon Lightning Spire   Summ/Air       0%         N/A       100%        4
 Vhi's Electric Charge    Tloc/Air       0%         N/A       100%        4
 Agony                    Necr           0%         N/A       100%        5
 Alistair's Intoxication  Tmut/Pois      0%         N/A       100%        5
 Arcjolt                  Conj/Air       0%         1d10      100%        5
 Borgnjor's Vile Clutch   Necr/Erth      0%         N/A       100%        5
 Fireball                 Conj/Fire      0%         3d3       100%        5
 Freezing Cloud           Conj/Ice/Air   0%         6-21      100%        5
 Irradiate                Conj/Tmut      0%         3d11      100%        5
 Lee's Rapid Deconstruct  Erth           0%         3d4*      100%        5
 Silence                  Hex/Air        0%         N/A       100%        5
 Summon Mana Viper        Hex/Summ       0%         N/A       100%        5
 Yara's Violent Unravell  Hex/Tmut       0%         3d3       100%        5
 Bombard                  Conj/Erth      0%         9d1       100%        6
 Death Channel            Necr           0%         N/A       100%        6
 Plasma Beam              Fire/Air       0%         2x1d10    100%        6
 Starburst                Conj/Fire      0%         6d3       100%        6
 Haunt                    Necr/Summ      0%         N/A       100%        7
 Monstrous Menagerie      Summ           0%         N/A       100%        7
 Ozocubu's Refrigeration  Ice            0%         4d7       100%        7
 Spellforged Servitor     Conj/Summ      0%         N/A       100%        7
 Summon Hydra             Summ           0%         N/A       100%        7
 Borgnjor's Revivificati  Necr           0%         N/A       100%        8
 Ignition                 Fire           0%         3d3       100%        8
 Infestation              Necr           0%         N/A       100%        8
 Lehudib's Crystal Spear  Conj/Erth      0%         10d2      100%        8
 Maxwell's Capacitive Co  Air            0%         ∞         100%        8
 Chain Lightning          Conj/Air       0%         N/A       100%        9
 Death's Door             Necr           0%         N/A       100%        9
 Dragon's Call            Summ           0%         N/A       100%        9
 Fire Storm               Conj/Fire      0%         5d1       100%        9
 Shatter                  Erth           0%         3d5*      100%        9


Dungeon Overview and Level Annotations

Branches:
Dungeon (15/15)            Temple (1/1) D:6            Lair (5/5) D:10
 Shoals (4/4) Lair:2        Snake (4/4) Lair:2        Slime (0/5) Lair:5
    Orc (2/2) D:11            Elf (3/3) Orc:2        Vaults (5/5) D:14
  Crypt (3/3) Vaults:3       Tomb (0/3) Crypt:3      Depths (4/4) D:15
   Hell (visited)             Dis (0/7) Hell            Geh (0/7) Hell
    Coc (0/7) Hell            Tar (0/7) Hell            Zot (5/5) Depths:4

Altars:
Ashenzari
Cheibriados
Dithmenos
Fedhas
Gozag
Hepliaklqana
Kikubaaqudgha
Makhleb
Nemelex Xobeh
Okawaru
Qazlal
Ru
Sif Muna
Trog
Uskayaw
Vehumet
Wu Jian
Xom
Yredelemnul
Jiyva

Shops:
D:11 [   Orc:2 *[(=   Elf:2 *[=   Elf:3 (   Shoals:3 *   Snake:4 ::[
Vaults:2 ((   Vaults:5 [   Depths:2 (!=   Depths:3 :   Depths:4 (*[?

Portals:
Hell: Lair:5 Depths:1 Depths:2 Depths:3 Depths:4
Abyss: Depths:2 Depths:3 Depths:4
Pandemonium: Depths:2 Depths:3
Ziggurat: Depths:4
Bazaar: Depths:1
Trove: D:12 (give 8 potions of haste)

Annotations:
Vaults:2 3 runed translucent doors, Maixzijo's ghost, adept DsFE; Mischaklue's ghost, adept GrFE; Soymp's ghost, veteran FoHu
Vaults:3 2 runed translucent doors, 2sma's ghost, adept MfGl; Soymp's ghost, veteran FoHu
Pan 7 runed translucent doors


Innate Abilities, Weirdness & Mutations

You have a pair of large horns on your head.
You are completely covered in molten scales. (AC +4, rF+)
You regenerate a lot of health from kills.
You are powered by pain.
You are extremely robust. (+30% HP)
You have sharp toenails.
You are completely covered in large bone plates. (SH +8)
You are very agile. (Dex +8, Str/Int -2)
Your flesh is very heat resistant. (rF++)
Your muscles are strong. (Str +4, Int/Dex -1)
Your translucent skin slightly reduces your foes' accuracy. (Stealth+)
You expend magic power (3 MP) to strengthen your wands.
Your melee attacks may engulf your foes in ooze.
You passively dampen the noise of your surroundings.


Message History

You slash the balrug!
The balrug is lightly wounded.
You hit the Hell Sentinel.
You strike the helpless Tzitzimitl from behind!
You slice the Tzitzimitl!!
You hit the demonspawn blood saint but do no damage.
You drain the demonspawn blood saint.
The demonspawn blood saint is asphyxiated!
The balrug hits you with a +0 demon whip!!
* * * LOW HITPOINT WARNING * * *
You focus on the pain.
You feel very mighty all of a sudden.
You are engulfed in flames.
You resist.
* * * LOW HITPOINT WARNING * * *
You partially resist.
You feel drained. You block the reaper's attack.
You block the demonspawn blood saint's attack.
The Tzitzimitl calls on the powers of darkness!
Your body is wracked with pain!
* * * LOW HITPOINT WARNING * * *
Your acid blob convulses!
The vault sentinel convulses!
You slice the demonspawn blood saint!! You drain the demonspawn blood saint!
You kill the demonspawn blood saint!
You barely miss the balrug. You barely miss the Hell Sentinel.
You slash the Tzitzimitl!
Visions of slaying the balrug flood into your mind.
You block the balrug's attack.
Your sun demon barely misses the balrug.
You block the Hell Sentinel's attack. x2
Your acid blob spits acid at the Tzitzimitl.
The splash of acid hits the Tzitzimitl!
You slice the demonspawn corrupter!! You headbutt the demonspawn corrupter!
The demonspawn corrupter is heavily wounded.
You slash the balrug! You slice the Hell Sentinel!! You hit the Tzitzimitl.
You block the balrug's attack.
Your sun demon closely misses the balrug.
You block the Tzitzimitl's attack.
The Tzitzimitl bites you but does no damage.
The reaper hits you from afar with a +2 scythe of protection!!!
You die...

#...# #...# #...# ######
#...# ##....# #...#
#...#.# #...#
###.....###...##########
.................1.22...
....##########3.@16p92..
...8####### #.2J6236...
...J.)....# #...24.2...
....+++++++2.#..........
#...#22234#4.#..........
#..8####### #.^........
##..# #.......... #...
......^.... ##...


You could see a Hell Sentinel (summoned, black mark), a demonspawn warmonger
(summoned, black mark), a Tzitzimitl (agile, black mark, resistant, ally
target), a demonspawn corrupter (summoned, black mark), a demonspawn black sun
(summoned, black mark), a lorocyproca (summoned, black mark, invisible), 2
reapers, a balrug (summoned, mesmerising, berserk, black mark, corroded, ally
target), a blizzard demon (strong, agile, black mark), 2 shadow demons, a war
gargoyle (summoned, black mark), a vault sentinel (summoned, black mark), a rust
devil (summoned, black mark), a sixfirhy (black mark), a friendly acid blob
(summoned) and a friendly sun demon (summoned).

Vanquished Creatures
  6 orbs of fire
  7 dread liches
  Mennas (Pan)
  3 ancient liches
  2 juggernauts
  2 Killer Klowns
  Vv (Zot:3)
  Bai Suzhen (Shoals:4)
  2 curse toes
  Geryon (Hell)
  Margery (Depths:4)
  6 golden dragons
  2 pandemonium lords (Pan)
  Norris (Depths:1)
  4 bone dragons
  A profane servitor (Abyss:4)
  4 Tzitzimimeh (Pan)
  2 Brimstone Fiends (Pan)
  Rupert (Abyss:3)
  A shard shrike zombie (Abyss:3)
  4 electric golems
  A tainted leviathan (Hell)
  14 tentacled monstrosities
  A Hell Sentinel (Pan)
  4 titans
  An Ice Fiend (Pan)
  2 deep elf master archers (Elf:3)
  9 liches
  Asterion (Snake:4)
  20 Orb Guardians (Zot:5)
  3 deep elf blademasters
  A kraken (Shoals:3)
  4 sphinxes
  9 death cobs
  8 Executioners
  Aizul (Snake:1)
  The ghost of Coo1 the Brawler, an adept TrFi of Wu Jian (Snake:1)
  12 quicksilver dragons
  5 ancient champions
  8 tengu reavers
  22 tentacled starspawn
  12 storm dragons
  7 shadow dragons
  4 draconian monks
  5 nagarajas (Snake:4)
  A thorn hunter (Abyss:3)
  A revenant (Crypt:2)
  4 demonspawn warmongers (Pan)
  10 deep elf sorcerers
  13 fire giants
  2 ghost moths
  5 frost giants
  6 draconian knights
  7 deep elf elementalists
  4 draconian scorchers
  3 curse skulls
  19 vault wardens
  15 balrugs
  3 angels
  5 draconian shifters
  4 draconian annihilators
  10 ghouls
  3 demonspawn corrupters (Pan)
  A draconian stormcaller (Zot:3)
  34 very ugly things
  24 ironbound preservers
  16 stone giants
  6 cacodemons
  4 reapers
  3 war gargoyles
  4 ironbound thunderhulks
  5 demonspawn blood saints (Pan)
  2 formless jellyfish
  4 demonspawn black suns (Pan)
  8 elemental wellsprings
  4 deep elf demonologists
  16 dire elephants
  6 green draconians
  6 lorocyprocas
  4 black draconians
  6 red draconians
  10 vampire knights
  Azrael (Snake:2)
  6 purple draconians
  12 deep elf annihilators
  6 putrid mouths (Hell)
  2 spark wasps (Depths:2)
  9 yellow draconians
  6 white draconians
  7 deep elf death magi
  8 ettins
  A crystal guardian (Abyss:3)
  5 eidola
  6 deep elf high priests
  An entropy weaver (shapeshifter) (D:15)
  11 fire dragons
  8 merfolk impalers
  10 blizzard demons
  9 merfolk javelineers
  8 jiangshi
  4 entropy weavers
  31 vault guards
  A shambling mangrove (Abyss:3)
  A spriggan zombie (Abyss:3)
  4 hell beasts
  5 green deaths
  17 yaktaur captains
  A hydra (shapeshifter) (Depths:3)
  4 ice dragons
  4 great orbs of eyes
  3 hydras
  6 rakshasas
  A peacekeeper (Vaults:2)
  A catoblepas (shapeshifter) (Vaults:5)
  5 ironbound frosthearts
  A catoblepas (Lair:2)
  10 centaur warriors
  3 salamander tyrants (Snake:4)
  An ogre mage (D:15)
  An anaconda (shapeshifter) (Depths:3)
  5 merfolk avatars (Shoals:4)
  2 death knights
  7 boulder beetles
  A fenstrider witch skeleton (Crypt:1)
  8 anacondas
  32 dancing weapons
  8 two-headed ogres
  2 sphinx skeletons (D:15)
  13 naga warriors
  10 merfolk aquamancers (Shoals:4)
  A spriggan skeleton (Crypt:1)
  A satyr (Shoals:4)
  Urug (Orc:2)
  4 deep troll earth magi
  2 vampire magi
  9 deep troll shamans
  9 death yaks
  6 tengu warriors
  15 hell hogs
  4 holy swine (Pan)
  10 naga sharpshooters
  3 orc high priests
  5 spriggan berserkers
  29 thrashing horrors
  4 occultists
  16 wretched stars
  14 shock serpents
  9 soul eaters
  23 sun demons
  19 deep elf knights
  A fire crab (Lair:5)
  15 hell knights
  4 salamander mystics
  3 sixfirhies
  A spatial maelstrom (Abyss:3)
  2 shadow wraiths
  26 skeletal warriors
  4 skysharks
  An iron troll (Depths:4)
  A storm dragon skeleton (D:15)
  A bunyip zombie (Crypt:1)
  4 naga ritualists
  Lodul (D:13)
  66 deep trolls
  2 quicksilver dragon simulacra
  11 sea snakes
  3 lindwurms
  A glowing orange brain (Depths:1)
  A spectral anaconda (Snake:1)
  6 flayed ghosts
  4 bog bodies
  2 obsidian statues
  4 arcanists
  A swamp dragon (shapeshifter) (Vaults:5)
  A fenstrider witch simulacrum (Crypt:1)
  A shadow demon (Pan)
  2 deep elf archers (Elf:3)
  24 deep elf zephyrmancers
  21 ironbound convokers
  11 necromancers
  3 orc knights
  14 phantasmal warriors
  11 mana vipers
  13 harpies
  3 orc sorcerers (Orc:2)
  A frost giant zombie (Crypt:2)
  24 deep elf pyromancers
  3 oklob plants (Lair:5)
  15 salamanders
  5 worldbinders
  12 fauns
  36 ugly things
  3 cyclopes
  10 manticores
  A cyclops (shapeshifter) (Elf:2)
  21 moths of wrath
  Maurice (D:11)
  A black mamba (shapeshifter) (Vaults:5)
  7 vault sentinels
  11 water nymphs
  2 rust devils
  11 merfolk sirens
  5 elephants (Lair:4)
  5 orange demons
  22 smoke demons
  32 black mambas
  6 guardian serpents
  5 molten gargoyles
  A gargoyle (D:13)
  4 apocalypse crabs
  7 hellions
  2 titan simulacra
  An anaconda simulacrum (Hell)
  50 yaktaurs
  23 naga magi
  8 cane toads
  8 komodo dragons
  Jeremiah (D:6)
  A catoblepas zombie (Crypt:2)
  6 unseen horrors
  A yaktaur (shapeshifter) (Elf:2)
  3 kobold demonologists
  6 rime drakes
  6 freezing wraiths
  A redback zombie (Crypt:3)
  2 alligator snapping turtle skeletons
  2 efreet (Abyss:4)
  3 tengu conjurers
  6 ice devils
  An unseen horror skeleton (Crypt:1)
  A red devil (Pan)
  6 tormentors
  A pale draconian skeleton (Crypt:2)
  2 guardian mummies (Crypt:3)
  7 trolls
  A meliai (shapeshifter) (Abyss:3)
  14 ancient zymes
  A merfolk (shapeshifter) (Depths:2)
  A troll (shapeshifter) (Abyss:3)
  A harpy zombie (Abyss:4)
  A hornet (D:4)
  A polar bear (shapeshifter) (Depths:3)
  10 hellwings
  A hydra skeleton (Crypt:3)
  2 polar bears
  A shadow dragon simulacrum (Crypt:1)
  An ettin zombie (Vaults:1)
  A spectral guardian serpent (Snake:1)
  A harpy skeleton (Abyss:3)
  A mana viper skeleton (Crypt:1)
  17 merfolk
  53 raiju
  2 glass eyes
  36 large abominations
  18 blink frogs
  13 wind drakes
  A dream sheep (Lair:5)
  17 slime creatures
  11 ynoxinuls
  6 air elementals
  20 flying skulls
  A centaur simulacrum (Crypt:2)
  3 vampires
  Sigmund (D:6)
  A culicivora (Vaults:3)
  A shadow (Abyss:3)
  10 snapping turtles
  A slime creature (shapeshifter) (Depths:2)
  A spectral black mamba (Snake:1)
  A culicivora (shapeshifter) (D:13)
  A guardian serpent skeleton (Crypt:3)
  2 black mamba skeletons (Abyss:3)
  6 wyverns
  42 yaks
  A fire bat (Abyss:3)
  24 small abominations
  10 fire elementals
  35 water elementals
  8 wraiths
  A spectral naga (Snake:1)
  A golden eye (shapeshifter) (Depths:3)
  A steam dragon (Lair:4)
  5 basilisks
  13 neqoxecs
  A redback (shapeshifter) (Vaults:3)
  4 redbacks (Vaults:3)
  7 chaos spawn
  An elf skeleton (Vaults:1)
  7 vampire mosquitoes
  A deep troll zombie (Crypt:2)
  5 wargs
  2 harpy simulacra (Hell)
  44 nagas
  2 spatial vortices (Abyss:3)
  An acid dragon (D:12)
  20 water moccasins
  Duvessa (D:7)
  A water moccasin (shapeshifter) (D:15)
  A guardian serpent simulacrum (Snake:1)
  5 hell hounds
  27 orc warriors
  2 deep troll skeletons
  3 sky beasts
  2 ice beasts (D:6)
  5 black bears
  2 black bears (shapeshifter)
  4 boggarts (Vaults:1)
  12 wolves
  7 centaurs
  15 ogres
  A black mamba simulacrum (Snake:1)
  A snapping turtle skeleton (Crypt:1)
  A phantom (D:6)
  2 kobold brigands
  A komodo dragon zombie (Crypt:2)
  2 gnoll sergeants
  19 bullfrogs
  A draconian skeleton (Crypt:2)
  2 earth elementals
  3 necrophages
  A scorpion (D:6)
  A troll zombie (Crypt:2)
  12 wights
  Dowan (D:7)
  A naga simulacrum (Snake:1)
  9 killer bees
  A troll skeleton (Crypt:2)
  2 howler monkeys (D:7)
  2 electric eels (Snake:2)
  A quasit (Abyss:3)
  2 iron imps (Abyss:3)
  A hound (D:5)
  A centaur skeleton (Crypt:1)
  Crazy Yiuf (D:6)
  A jelly (D:7)
  13 orc priests
  A sleepcap (D:5)
  5 iguanas
  65 starcursed masses
  29 orc wizards
  2 lightning spires (Depths:2)
  An ogre skeleton (Crypt:3)
  7 gnolls
  6 adders
  A swamp drake skeleton (Crypt:1)
  A shadow imp (D:5)
  3 white imps
  4 ufetubi
  3 worms
  7 dart slugs
  63 orcs
  11 endoplasms
  A giant cockroach (D:4)
  A gnoll zombie (Crypt:2)
  8 goblins
  10 hobgoblins
  14 jackals
  10 kobolds
  2 quokkas
  6 ball pythons
  7 bats
  An endoplasm zombie (Crypt:2)
  9 frilled lizards
  A goblin zombie (Crypt:1)
  An orc zombie (Crypt:3)
  8 rats
  A lurking horror (Abyss:3)
  A spectral weapon (Snake:4)
  14 starspawn tentacles
  4 tentacles (Shoals:3)
2621 creatures vanquished.

Vanquished Creatures (collateral kills)
  2 orbs of fire (Zot:5)
  Saint Roka (Orc:1)
  Xtahua (Vaults:3)
  Vashnia (Snake:4)
  2 Killer Klowns (Zot:5)
  2 golden dragons (Zot:5)
  4 bone dragons
  3 tentacled monstrosities
  A hellephant (Abyss:4)
  A quicksilver dragon (Zot:1)
  5 Orb Guardians (Zot:5)
  A titan (Vaults:5)
  2 sphinxes
  A deep elf blademaster (Abyss:3)
  4 tentacled starspawn (Abyss:3)
  An ancient champion (Crypt:3)
  A tengu reaver (Depths:2)
  A revenant (Vaults:3)
  A storm dragon (Zot:2)
  A frost giant (Depths:1)
  3 fire giants
  An iron dragon (Vaults:5)
  5 vault wardens
  A ghoul (Crypt:1)
  2 ironbound preservers
  2 reapers (Pan)
  A draconian stormcaller (Abyss:3)
  A deep elf elementalist (Abyss:3)
  2 cacodemons (Abyss:3)
  2 draconian shifters
  8 very ugly things
  A stone giant (Vaults:5)
  A yellow draconian (Zot:5)
  3 white draconians
  A purple draconian (Zot:2)
  24 starcursed masses
  A red draconian (Depths:4)
  A spark wasp (Depths:2)
  5 eidola
  A jiangshi (Crypt:1)
  2 blizzard demons
  2 fire dragons (Zot:3)
  An ettin (Vaults:5)
  A rakshasa (Depths:2)
  2 hydras
  A deep elf high priest (Vaults:4)
  An ice dragon (Depths:4)
  12 vault guards
  An ironbound frostheart (Vaults:4)
  A catoblepas (Lair:2)
  A death yak (Abyss:3)
  A centaur warrior (Vaults:3)
  A deep troll shaman (Depths:1)
  A fenstrider witch skeleton (Crypt:2)
  A dancing weapon (Elf:1)
  3 vampire magi
  A demonic crawler (Hell)
  3 hell hogs (Abyss:4)
  2 thrashing horrors (Abyss:4)
  2 sun demons (Hell)
  A skyshark (Depths:1)
  A naga sharpshooter (Snake:4)
  2 hell knights (Hell)
  2 holy swine (Pan)
  2 soul eaters
  5 skeletal warriors
  A sixfirhy (Abyss:4)
  8 deep trolls
  A shadow demon (Pan)
  A quicksilver dragon simulacrum (Abyss:3)
  2 flayed ghosts
  2 bog bodies
  2 ironbound convokers
  A phantasmal warrior (Crypt:2)
  2 deep elf pyromancers
  6 ugly things
  2 deep elf zephyrmancers
  A cyclops (shapeshifter) (Vaults:5)
  2 necromancers (Hell)
  A worldbinder (Abyss:3)
  An iron dragon skeleton (Crypt:3)
  A moth of wrath (Zot:2)
  2 guardian serpents (Abyss:3)
  A frost giant skeleton (Crypt:3)
  A shock serpent zombie (Crypt:3)
  3 vault sentinels (Vaults:5)
  An orange demon (Lair:5)
  5 smoke demons
  A water nymph (Abyss:3)
  A molten gargoyle (D:14)
  An apocalypse crab (Abyss:3)
  A naga mage (Abyss:3)
  A dire elephant skeleton (Crypt:2)
  5 yaktaurs
  A tormentor (Pan)
  2 guardian mummies (Crypt:3)
  An ice devil (Lair:5)
  3 ancient zymes (Abyss:3)
  2 freezing wraiths
  A red devil (Pan)
  A merfolk (Lair:2)
  10 raiju (Abyss:3)
  2 blink frogs
  An ettin zombie (Crypt:2)
  A slime creature (Vaults:4)
  4 flying skulls
  5 water elementals
  2 wraiths
  A vampire (Abyss:4)
  A ynoxinul (Abyss:4)
  2 redbacks (Vaults:3)
  3 neqoxecs
  4 nagas (Snake:4)
  A harpy simulacrum (Abyss:3)
  11 large abominations
  2 hell hounds (Lair:5)
  3 water moccasins
  An orc warrior (Vaults:2)
  A spectral naga (Snake:1)
  A fire dragon simulacrum (Crypt:2)
  An ogre (Vaults:2)
  A necrophage (Crypt:1)
  A wyvern zombie (Crypt:1)
  An earth elemental (Elf:1)
  A wight (Abyss:3)
  13 small abominations
  2 naga simulacra (Snake:1)
  A lava snake (D:14)
  A quasit (Abyss:3)
  2 lightning spires (Depths:2)
  A steam dragon zombie (Crypt:3)
  A white imp (Pan)
  An orc (Vaults:2)
  A starspawn tentacle (Abyss:3)
307 creatures vanquished.

Vanquished Creatures (others)
  A sphinx (shapeshifter) (Abyss:3)
  A wendigo (Hell)
  4 great orbs of eyes (Abyss:3)
  A caustic shrike simulacrum (Hell)
  2 thrashing horrors (Abyss:3)
  A glowing orange brain (Abyss:3)
  A wretched star (Abyss:3)
  A deep elf pyromancer (Elf:1)
  2 manticores (Shoals:4)
  A smoke demon (Abyss:3)
  A moth of wrath (Zot:4)
  A meliai (shapeshifter) (Abyss:3)
  2 raiju (Abyss:3)
  A draconian simulacrum (Hell)
  A glass eye (shapeshifter) (Abyss:3)
  A stone giant simulacrum (Hell)
  A shadow (D:11)
  2 ynoxinuls (Abyss:3)
  A fire bat (Abyss:3)
  8 golden eyes (Abyss:3)
  2 neqoxecs
  A warg (Elf:3)
  2 nagas (Snake:4)
  A large abomination (Abyss:3)
  3 small abominations (Abyss:3)
  4 wights (Abyss:3)
  71 jellies
  A white imp (Abyss:3)
  An ufetubus (Abyss:3)
  2 endoplasms (Abyss:3)
  A ball lightning (Depths:2)
  4 lurking horrors (Abyss:3)
  48 starspawn tentacles
175 creatures vanquished.

Grand Total: 3103 creatures vanquished

Notes
Turn   | Place    | Note
-------+----------+-------------------------------------------
     0 | D:1      | NewUser1 the Demonspawn Fighter began the quest for the
                  | Orb.
     0 | D:1      | Reached XP level 1. HP: 18/18 MP: 1/1
   288 | D:1      | Gained mutation: You have a pair of small horns on your
                  | head. [demonic ancestry]
   288 | D:1      | Reached XP level 2. HP: 24/24 MP: 2/2
   352 | D:1      | Reached XP level 3. HP: 28/29 MP: 3/3
   972 | D:2      | Gained mutation: You have a pair of horns on your head.
                  | [demonic ancestry]
   972 | D:2      | Reached XP level 4. HP: 28/35 MP: 4/4
  1267 | D:2      | Gained mutation: You have sharp toenails. [potion of
                  | mutation]
  1267 | D:2      | Gained mutation: You are somewhat resistant to further
                  | mutation. [potion of mutation]
  2292 | D:4      | Reached XP level 5. HP: 41/41 MP: 5/5
  2345 | D:4      | Noticed a hornet
  2356 | D:4      | Killed a hornet
  2357 | D:4      | Gained mutation: You sometimes gain a little power by
                  | taking damage. [demonic ancestry]
  2357 | D:4      | Reached XP level 6. HP: 36/48 MP: 6/6
  2497 | D:4      | Reached skill level 1 in Stealth
  2544 | D:4      | Identified the +0 leather armour of Infinity {*Corrode
                  | Regen+ Str-4 Int+8}
  2801 | D:4      | Reached skill level 1 in Dodging
  2801 | D:4      | Reached XP level 7. HP: 45/54 MP: 7/7
  2919 | D:5      | Entered Level 5 of the Dungeon
  3041 | D:5      | Reached skill level 5 in Axes
  3228 | D:5      | You fall into a shaft and drop 3 floors!
  3250 | D:8      | Noticed a yak
  3250 | D:8      | Noticed a yak
  3330 | D:7      | Noticed Duvessa
  3332 | D:7      | Noticed Dowan
  3350 | D:7      | Killed Duvessa
  3354 | D:7      | Killed Dowan
  3553 | D:6      | Noticed Sigmund
  3556 | D:6      | Gained mutation: You regenerate a little health from kills.
                  | [demonic ancestry]
  3556 | D:6      | Reached XP level 8. HP: 61/61 MP: 8/8
  3570 | D:6      | Killed Sigmund
  4041 | D:6      | Reached skill level 5 in Fighting
  4041 | D:6      | Reached skill level 5 in Armour
  4157 | D:6      | Found a staircase to the Ecumenical Temple.
  4210 | D:6      | Noticed Jeremiah
  4214 | Temple   | Entered the Ecumenical Temple
  4276 | Temple   | Became a worshipper of Makhleb the Destroyer
  4750 | D:6      | Killed Jeremiah
  4751 | D:6      | Gained mutation: You regenerate health from kills. [demonic
                  | ancestry]
  4751 | D:6      | Reached XP level 9. HP: 48/68 MP: 9/9
  4975 | D:6      | Found a runed translucent door.
  4976 | D:6      | Noticed Crazy Yiuf
  5010 | D:6      | Killed Crazy Yiuf
  5944 | D:8      | Reached skill level 1 in Invocations
  6025 | D:8      | Reached skill level 1 in Evocations
  6029 | D:8      | Reached skill level 2 in Invocations
  6042 | D:8      | Reached skill level 3 in Invocations
  6045 | D:8      | Reached XP level 10. HP: 70/76 MP: 12/12
  6097 | D:8      | Reached * piety under Makhleb
  6760 | D:9      | Reached skill level 4 in Invocations
  6853 | D:9      | Reached skill level 5 in Shields
  7362 | D:9      | Reached ** piety under Makhleb
  7363 | D:9      | Reached skill level 10 in Axes
  7587 | D:9      | Reached skill level 5 in Invocations
  7711 | D:10     | Entered Level 10 of the Dungeon
  7930 | D:10     | Gained mutation: You have a pair of large horns on your
                  | head. [demonic ancestry]
  7930 | D:10     | Reached XP level 11. HP: 75/83 MP: 15/15
  8089 | D:10     | Found a staircase to the Lair.
  8248 | D:10     | Noticed a two-headed ogre
  8263 | D:10     | Killed a two-headed ogre
  8396 | D:10     | Reached skill level 6 in Invocations
  8946 | D:11     | Noticed a boulder beetle
  8983 | D:11     | Killed a boulder beetle
  9177 | D:11     | Noticed Maurice
  9199 | D:11     | Killed Maurice
  9199 | D:11     | Reached *** piety under Makhleb
  9273 | D:11     | Reached skill level 5 in Evocations
  9584 | D:11     | Reached skill level 7 in Invocations
  9641 | D:11     | Found Ewunuew's Armour Boutique.
  9642 | D:11     | Found a staircase to the Orcish Mines.
  9669 | D:11     | Noticed a centaur warrior
  9692 | D:11     | Killed a centaur warrior
 10111 | Lair:1   | Entered Level 1 of the Lair of Beasts
 10124 | Lair:1   | Gained mutation: You sometimes gain power by taking damage.
                  | [demonic ancestry]
 10124 | Lair:1   | Reached XP level 12. HP: 89/91 MP: 15/17
 11180 | Lair:2   | Noticed a catoblepas
 11203 | Lair:2   | Killed a catoblepas
 11223 | Lair:2   | Noticed a four-headed hydra
 11246 | Lair:2   | Killed a four-headed hydra
 11248 | Lair:2   | Reached skill level 8 in Invocations
 11321 | Lair:2   | Noticed a catoblepas
 11337 | Lair:2   | Killed a catoblepas
 11434 | Lair:2   | Found a staircase to the Shoals.
 11580 | Lair:2   | Found a staircase to the Snake Pit.
 12015 | Lair:2   | Identified a scroll of acquirement
 12015 | Lair:2   | Acquired a +3 broad axe of distortion
 12353 | Lair:3   | Reached skill level 9 in Invocations
 12460 | Lair:3   | Noticed a boulder beetle
 12467 | Lair:3   | Reached XP level 13. HP: 95/99 MP: 19/19
 12525 | Lair:3   | Reached **** piety under Makhleb
 12576 | Lair:3   | Identified the +8 flail of the Countless Realms {freeze,
                  | Drain rElec Int+2}
 14333 | Lair:5   | Entered Level 5 of the Lair of Beasts
 14424 | Lair:4   | Reached skill level 10 in Invocations
 15099 | Lair:5   | Found a burning altar of Makhleb.
 15114 | Lair:5   | Gained mutation: You are partially covered in molten
                  | scales. (AC +2) [demonic ancestry]
 15114 | Lair:5   | Reached XP level 14. HP: 90/108 MP: 16/21
 15206 | Lair:5   | Found a gateway to Hell.
 15423 | Lair:5   | Reached skill level 11 in Invocations
 15725 | Lair:5   | Found a viscous altar of Jiyva.
 16442 | D:12     | Identified the +7 war axe of the Disturbing Visions {spect,
                  | Contam rPois Will+++ Int-4}
 16448 | D:12     | Noticed Rupert
 16456 | D:12     | Banished Rupert
 16678 | D:12     | Reached ***** piety under Makhleb
 16735 | D:12     | Found a portal to a secret trove of treasure.
 17129 | D:13     | Reached skill level 5 in Dodging
 17348 | D:13     | Noticed Lodul
 17358 | D:13     | Killed Lodul
 17387 | D:13     | Identified the +8 scimitar "Fereckekk" {speed, rF- rC++}
 17531 | D:13     | Reached skill level 10 in Fighting
 17965 | D:14     | Reached skill level 10 in Armour
 18097 | D:14     | Reached skill level 12 in Invocations
 18358 | D:14     | Found a gate to the Vaults.
 18405 | D:14     | Gained mutation: You are powered by pain. [demonic
                  | ancestry]
 18405 | D:14     | Reached XP level 15. HP: 85/115 MP: 20/24
 18704 | D:14     | Reached skill level 15 in Axes
 19000 | D:15     | Entered Level 15 of the Dungeon
 19205 | D:15     | Found a staircase to the Depths.
 19230 | D:15     | Reached skill level 10 in Evocations
 20067 | Orc:1    | Entered Level 1 of the Orcish Mines
 20289 | Orc:2    | Entered Level 2 of the Orcish Mines
 20456 | Orc:1    | Reached skill level 13 in Invocations
 20529 | Orc:2    | Found a staircase to the Elven Halls.
 20637 | Orc:2    | Noticed Saint Roka
 20800 | Orc:1    | Killed Saint Roka
 21079 | Orc:2    | Noticed Urug
 21089 | Orc:2    | Paralysed by an orc sorcerer for 5 turns
 21091 | Orc:2    | Killed Urug
 21109 | Orc:2    | Found Tacoe's Antique Armour Boutique.
 21112 | Orc:2    | Found Uhiev's General Store.
 21171 | Orc:2    | Bought a scroll of enchant weapon for 112 gold pieces
 21355 | Orc:2    | Found Quim's Antique Weapon Boutique.
 21419 | Orc:2    | Found Ceanajep's Jewellery Boutique.
 21425 | Orc:2    | Bought the amulet of Muheq {Reflect Fragile rF+ Slay+2
                  | SH+5} for 702 gold pieces
 21782 | Snake:1  | Entered Level 1 of the Snake Pit
 22173 | Snake:1  | Identified the serpent talisman "Bohuecuz" {rC+}
 22173 | Snake:1  | Noticed Aizul
 22189 | Snake:1  | Killed Aizul
 22669 | Snake:1  | Reached XP level 16. HP: 92/125 MP: 26/26
 22704 | Snake:1  | Found a runed translucent gate.
 22704 | Snake:1  | Found a runed translucent gate.
 22705 | Snake:1  | Found a runed translucent gate.
 22707 | Snake:1  | Noticed Coo1's ghost (adept TrFi)
 22934 | Snake:1  | Killed Coo1's ghost
 22944 | Snake:1  | Identified the ring "Iruvel" {rElec rC+ Str+3 Slay+4}
 23694 | Snake:2  | Noticed Azrael
 23703 | Snake:2  | Killed Azrael
 24013 | Snake:3  | Reached skill level 14 in Invocations
 24027 | Snake:3  | Reached ****** piety under Makhleb
 25214 | Snake:4  | Entered Level 4 of the Snake Pit
 25214 | Snake:4  | Found Baiph's Book Emporium.
 25666 | Snake:4  | Found Ruiwosha's Antique Armour Emporium.
 25969 | Snake:4  | Noticed Asterion
 25982 | Snake:4  | Killed Asterion
 25983 | Snake:4  | Reached XP level 17. HP: 122/133 MP: 27/27
 26183 | Snake:4  | Got a serpentine rune of Zot
 26351 | Snake:4  | Noticed Vashnia
 26652 | Snake:4  | Killed Vashnia
 26820 | Snake:4  | Found Emokhail's Book Shop.
 26829 | Snake:4  | Reached skill level 15 in Invocations
 27074 | Orc:2    | Bought a ring of flight for 262 gold pieces
 27219 | Shoals:1 | Entered Level 1 of the Shoals
 29335 | Shoals:3 | Reached skill level 10 in Shields
 29819 | Shoals:3 | Noticed a kraken
 29845 | Shoals:3 | Killed a kraken
 29922 | Shoals:3 | Found Ceng's General Store.
 29938 | Shoals:3 | Bought a potion of heal wounds for 75 gold pieces
 30105 | Shoals:3 | Gained mutation: You are robust. (+10% HP) [demonic
                  | ancestry]
 30105 | Shoals:3 | Reached XP level 18. HP: 68/146 MP: 29/29
 30294 | Shoals:4 | Identified the "Baumeag"
 30294 | Shoals:4 | Entered Level 4 of the Shoals
 30301 | Shoals:4 | Paralysed by an air elemental for 1 turns
 30350 | Shoals:4 | Reached skill level 16 in Invocations
 30383 | Shoals:4 | Paralysed by an air elemental for 1 turns
 30555 | Shoals:4 | Paralysed by an air elemental for 1 turns
 30565 | Shoals:4 | Got a barnacled rune of Zot
 30590 | Shoals:4 | Identified the +3 rapier of Barnacled Integrity {flame,
                  | Will+ rCorr SInv}
 30804 | Shoals:4 | Noticed Bai Suzhen
 30824 | Shoals:4 | Killed Bai Suzhen
 31475 | Vaults:1 | Entered Level 1 of the Vaults
 32127 | Vaults:1 | Reached skill level 17 in Invocations
 32264 | Vaults:1 | Gained mutation: You are mostly covered in molten scales.
                  | (AC +3) [demonic ancestry]
 32264 | Vaults:1 | Reached XP level 19. HP: 143/165 MP: 31/31
 32775 | Vaults:2 | Found a runed translucent gate.
 32775 | Vaults:2 | Found a runed translucent gate.
 32775 | Vaults:2 | Found a runed translucent gate.
 32775 | Vaults:2 | Noticed Soymp's ghost (veteran FoHu)
 32775 | Vaults:2 | Noticed Maixzijo's ghost (adept DsFE)
 32775 | Vaults:2 | Noticed Mischaklue's ghost (adept GrFE)
 32775 | Vaults:2 | Noticed Mischaklue's ghost (adept GrFE)
 32981 | Vaults:2 | Found Igeol's Weapon Shoppe.
 33004 | Vaults:2 | Bought the +16 obsidian axe {drain, demonic, Mesm Drain Fly
                  | SInv} for 1043 gold pieces
 33004 | Vaults:2 | Found the +16 obsidian axe {drain, demonic, Mesm Drain Fly
                  | SInv}
 33492 | Vaults:2 | Found Ragoog's Weapon Shop.
 34305 | Vaults:3 | Noticed Xtahua
 34311 | Vaults:3 | Paralysed by Xtahua for 3 turns
 34313 | Vaults:3 | Killed Xtahua
 34357 | Vaults:3 | Reached skill level 18 in Invocations
 34578 | Vaults:3 | Reached XP level 20. HP: 163/176 MP: 33/33
 34766 | Vaults:3 | Found a large runed translucent door.
 34766 | Vaults:3 | Found a large runed translucent door.
 34766 | Vaults:3 | Noticed 2sma's ghost (adept MfGl)
 34766 | Vaults:3 | Noticed Soymp's ghost (veteran FoHu)
 34787 | Vaults:3 | Found a staircase to the Crypt.
 35760 | Vaults:4 | Noticed a dread lich
 35770 | Vaults:4 | Killed a dread lich
 35775 | Vaults:4 | Reached skill level 15 in Fighting
 35819 | Vaults:4 | Identified the ring of Daffodils {EV+5 Str+4}
 35821 | Vaults:4 | Identified the staff of Watchfulness {rPois Ice Poison}
 35829 | Vaults:4 | Identified the +5 ring mail "Pogei" {Harm rPois Int+4
                  | Stlth+}
 36359 | Vaults:5 | Identified the of Picsohey
 36359 | Crypt:3  | Identified the of Buneub
 36359 | Depths:2 | Identified the of Ekiuvve
 36359 | Depths:3 | Identified the "Zud Raj"
 36359 | Elf:1    | Entered Level 1 of the Elven Halls
 36707 | Elf:1    | Reached skill level 15 in Evocations
 37429 | Elf:2    | Found Paikeitu's Armour Shoppe.
 37471 | Elf:2    | Reached skill level 19 in Invocations
 37610 | Elf:2    | Found Qugisixka's General Store.
 37624 | Elf:2    | Bought a scroll of teleportation for 48 gold pieces
 37624 | Elf:2    | Bought a potion of curing for 48 gold pieces
 37624 | Elf:2    | Bought a potion of heal wounds for 80 gold pieces
 37643 | Elf:2    | Found a runed translucent gate.
 37643 | Elf:2    | Found a runed translucent gate.
 37646 | Elf:2    | Found a runed translucent gate.
 37740 | Elf:2    | Found Imufor's Jewellery Shop.
 37770 | Abyss:3  | Cast into level 3 of the Abyss (a deep elf sorcerer)
 37812 | Abyss:3  | Paralysed by Rupert for 3 turns
 37822 | Abyss:3  | Killed Rupert
 37827 | Abyss:3  | Reached XP level 21. HP: 185/185 MP: 34/34
 37875 | Abyss:3  | Gained mutation: You sometimes lose your temper in combat.
                  | [a neqoxec]
 37902 | Abyss:3  | Paralysed by accursed screaming for 1 turns
 37914 | Abyss:3  | Got an abyssal rune of Zot
 37920 | Elf:2    | Escaped the Abyss
 38387 | Abyss:3  | Cast into level 3 of the Abyss (+1 double sword of
                  | distortion)
 38388 | Abyss:3  | Found a corrupted altar of Lugonu.
 38482 | Elf:2    | Escaped the Abyss
 39044 | Depths:1 | Entered Level 1 of the Depths
 39144 | Depths:1 | Found a gateway to a bazaar.
 39190 | Depths:1 | Found an iron altar of Okawaru.
 39247 | Depths:1 | Noticed Norris
 39259 | Depths:1 | Killed Norris
 40005 | Depths:2 | Found a one-way gate leading to the halls of Pandemonium.
 40090 | Depths:2 | Reached skill level 20 in Invocations
 40233 | Depths:2 | Found a one-way gate to the infinite horrors of the Abyss.
 40233 | Depths:2 | Noticed a golden dragon
 40246 | Depths:2 | Reached XP level 22. HP: 196/196 MP: 36/36
 40252 | Depths:2 | Killed a golden dragon
 40261 | Depths:2 | Found the +8 demon trident "Rift" {distort, reach+}
 40261 | Depths:2 | Noticed a golden dragon
 40267 | Depths:2 | Noticed a juggernaut
 40271 | Depths:2 | Killed a golden dragon
 40282 | Depths:2 | Killed a juggernaut
 40408 | Depths:2 | Found Irphawots's Weapon Shoppe.
 40666 | Depths:2 | Found Puni's Jewellery Emporium.
 40772 | Depths:2 | Found Seibban's Distillery.
 40775 | Depths:2 | Bought a potion of haste for 200 gold pieces
 40775 | Depths:2 | Bought a potion of curing for 60 gold pieces
 40775 | Depths:2 | Bought a potion of haste for 200 gold pieces
 40775 | Depths:2 | Bought 2 potions of heal wounds for 200 gold pieces
 40775 | Depths:2 | Bought a potion of haste for 200 gold pieces
 40775 | Depths:2 | Bought a potion of curing for 60 gold pieces
 40873 | Depths:2 | Paralysed by an air elemental for 1 turns
 40956 | Depths:3 | Found Wutekeud's Tiny Tomes.
 41854 | Depths:3 | Noticed a golden dragon
 41865 | Depths:3 | Killed a golden dragon
 42109 | Depths:4 | Entered Level 4 of the Depths
 42157 | Depths:4 | Found Kiseopp's Armour Shop.
 42157 | Depths:4 | Found Kioqoo's Assorted Antiques.
 42162 | Depths:4 | Found Eduy's Magic Scroll Shop.
 42166 | Depths:4 | Found Nostor's Weapon Boutique.
 42169 | Depths:4 | Bought a scroll of teleportation for 60 gold pieces
 42185 | Depths:4 | Bought a scroll of summoning for 266 gold pieces
 42351 | Depths:4 | Noticed a juggernaut
 42358 | Depths:4 | Killed a juggernaut
 42359 | Depths:4 | Reached skill level 21 in Invocations
 42451 | Depths:4 | Reached skill level 15 in Shields
 42452 | Depths:4 | Found a gate to the Realm of Zot.
 42704 | Depths:4 | Reached skill level 5 in Stealth
 42768 | Depths:4 | Found a one-way gateway to a ziggurat.
 42938 | Depths:4 | Noticed Margery
 42954 | Depths:4 | Killed Margery
 43671 | Vaults:5 | Entered Level 5 of the Vaults
 43691 | Vaults:5 | Gained mutation: You regenerate a lot of health from kills.
                  | [demonic ancestry]
 43691 | Vaults:5 | Reached XP level 23. HP: 147/206 MP: 37/37
 43695 | Vaults:5 | Identified the amulet of the Curious Stories {Harm rElec
                  | rN++ Regen+ Int-4}
 43725 | Vaults:5 | Reached skill level 22 in Invocations
 43763 | Vaults:5 | Noticed an ancient lich
 43768 | Vaults:5 | Identified the ring of Tyeciebb {rElec rN++ AC+4}
 43776 | Vaults:5 | Identified the +3 quarterstaff "Transmigrator" {freeze, rC+
                  | Str-3 SInv}
 43790 | Vaults:5 | Identified the +5 trident of Modesty {drain, rElec rPois
                  | MP+9}
 43798 | Vaults:5 | Killed an ancient lich
 43830 | Vaults:5 | Reached skill level 23 in Invocations
 44190 | Vaults:5 | Identified the staff of Classification {rPois rF- rC+ Str+3
                  | Ice}
 44310 | Vaults:5 | Identified the +3 short sword "Wacahowk" {pain, rN+ Dex+3}
 44327 | Vaults:5 | Got a silver rune of Zot
 44350 | Vaults:5 | Identified the +9 rapier "Xeadaity" {freeze, *Slow Will+
                  | Dex+3}
 44563 | Vaults:5 | Identified the +4 rapier of Xeatiq {freeze, rPois Will+
                  | Str-2}
 44599 | Vaults:5 | Found Hotecux's Armour Shop.
 45232 | Crypt:1  | Entered Level 1 of the Crypt
 45646 | Crypt:1  | Gained mutation: You are completely covered in molten
                  | scales. (AC +4, rF+) [demonic ancestry]
 45646 | Crypt:1  | Reached XP level 24. HP: 217/217 MP: 38/38
 46572 | Crypt:2  | Reached skill level 24 in Invocations
 46672 | Crypt:2  | Found a shadowy altar of Dithmenos.
 46990 | Crypt:3  | Entered Level 3 of the Crypt
 47303 | Crypt:3  | Found a staircase to the Tomb.
 47519 | Crypt:3  | Noticed an ancient lich
 47519 | Crypt:3  | Noticed a dread lich
 47531 | Crypt:3  | Killed a dread lich
 47543 | Crypt:3  | Killed an ancient lich
 47650 | Crypt:3  | Identified the ring of the Ancients {rN+ Str-5 Int+9}
 47650 | Crypt:3  | Identified the ring of Salvation {rC++ rN+ Dex-4 SInv}
 47650 | Crypt:3  | Identified the ring "Vuem Mukh" {rN+ Int+2}
 48152 | Lair:5   | Found a staircase to the Slime Pits.
 48270 | Lair:5   | Fell from the grace of Makhleb
 48270 | Lair:5   | Became a worshipper of Jiyva Judghafr the Shapeless
 48535 | Depths:2 | Voluntarily entered the Abyss.
 48652 | Abyss:3  | Reached skill level 25 in Invocations
 48924 | Abyss:3  | Reached * piety under Jiyva
 49048 | Abyss:3  | Found a broken altar of Ashenzari.
 49120 | Abyss:3  | Found a corrupted altar of Lugonu.
 49134 | Abyss:3  | Reached XP level 25. HP: 227/227 MP: 39/39
 49303 | Abyss:3  | Found a corrupted altar of Lugonu.
 49377 | Abyss:3  | Found a corrupted altar of Lugonu.
 49428 | Abyss:3  | Reached ** piety under Jiyva
 49660 | Abyss:3  | Reached skill level 15 in Armour
 49708 | Abyss:3  | Gained mutation: You occasionally shout uncontrollably at
                  | your foes. [a neqoxec]
 49735 | Abyss:3  | Reached skill level 26 in Invocations
 50309 | Abyss:4  | Paralysed by accursed screaming for 1 turns
 50378 | Abyss:4  | Noticed a dread lich
 50386 | Abyss:4  | Killed a dread lich
 50393 | Abyss:4  | Paralysed by accursed screaming for 1 turns
 50467 | Abyss:4  | Found a corrupted altar of Lugonu.
 50468 | Abyss:4  | Paralysed by accursed screaming for 1 turns
 50561 | Abyss:4  | Reached *** piety under Jiyva
 50610 | Abyss:4  | Gained mutation: You are very robust. (+20% HP) [demonic
                  | ancestry]
 50610 | Abyss:4  | Reached XP level 26. HP: 230/260 MP: 40/40
 50611 | Abyss:4  | Found a blossoming altar of Fedhas.
 50770 | Depths:2 | Escaped the Abyss
 50994 | Elf:3    | Identified the of Alessump
 50994 | Elf:3    | Entered Level 3 of the Elven Halls
 51113 | Elf:3    | Found Homautepp's Weapon Shop.
 51189 | Elf:3    | Lost mutation: You occasionally shout uncontrollably at
                  | your foes. [Jiyva's grace]
 51189 | Elf:3    | Gained mutation: You have acidic saliva. [Jiyva's grace]
 51189 | Elf:3    | Gained mutation: You have a small jelly attached to you
                  | that senses nearby items. [Jiyva's grace]
 51189 | Elf:3    | Gained mutation: You are extremely robust. (+30% HP)
                  | [Jiyva's grace]
 51189 | Elf:3    | Gained mutation: Your spells are a little harder to cast,
                  | but a little more powerful. [Jiyva's grace]
 51545 | Elf:3    | Reached **** piety under Jiyva
 51805 | Elf:3    | Identified the ring "Forget-Me-Not" {rF+ Int+6 Slay+2
                  | Stlth+}
 51846 | Elf:3    | Identified the +6 short sword of Contradiction {spect, rC+
                  | Stlth+}
 51854 | Elf:3    | Identified the +5 spear "ETAOIN SHRDLU" {protect, rF- Will+
                  | Str+3}
 51858 | Elf:3    | Identified the +7 spear "Paocreffiu" {spect, Fly rC+}
 52441 | Hell     | Entered the Vestibule of Hell
 52441 | Hell     | Noticed Geryon
 52458 | Hell     | Killed Geryon
 52472 | Hell     | Reached skill level 27 in Invocations
 52561 | Hell     | Found a gateway to the decaying netherworld of Tartarus.
 52730 | Hell     | Found a gateway to the ashen valley of Gehenna.
 52824 | Hell     | Found a gateway to the Iron City of Dis.
 52866 | Hell     | Found a gateway to the freezing wastes of Cocytus.
 52871 | Hell     | Paralysed by a wendigo for 1 turns
 53038 | Lair:4   | Was forgiven by Makhleb
 53273 | Zot:1    | Entered Level 1 of the Realm of Zot
 53409 | Zot:1    | Reached ***** piety under Jiyva
 53643 | Zot:1    | Lost mutation: You sometimes lose your temper in combat.
                  | [Jiyva's grace]
 53643 | Zot:1    | Gained mutation: Your melee attacks may engulf your foes in
                  | ooze. [Jiyva's grace]
 53643 | Zot:1    | Gained mutation: You are agile. (Dex +4, Str/Int -1)
                  | [Jiyva's grace]
 53643 | Zot:1    | Gained mutation: You are very agile. (Dex +8, Str/Int -2)
                  | [Jiyva's grace]
 53643 | Zot:1    | Gained mutation: You have supernaturally acute eyesight.
                  | (SInv) [Jiyva's grace]
 54185 | Zot:2    | Noticed an orb of fire
 54199 | Zot:2    | Killed an orb of fire
 54349 | Zot:2    | Mutation became permanent: You are very robust. (+20% HP)
                  | [demonic ancestry]
 54349 | Zot:2    | Gained mutation: You are extremely robust. (+30% HP)
                  | [demonic ancestry]
 54349 | Zot:2    | Reached XP level 27. HP: 286/295 MP: 38/40
 54461 | Zot:2    | Identified the ring of Suspected Treachery {rCorr Str+6}
 55309 | Zot:3    | Noticed Vv
 55334 | Zot:3    | Killed Vv
 55547 | Zot:3    | Lost mutation: Your spells are a little harder to cast, but
                  | a little more powerful. [Jiyva's grace]
 55547 | Zot:3    | Lost mutation: You have a small jelly attached to you that
                  | senses nearby items. [Jiyva's grace]
 55547 | Zot:3    | Gained mutation: You passively dampen the noise of your
                  | surroundings. [Jiyva's grace]
 55547 | Zot:3    | Gained mutation: Your flesh is heat resistant. (rF+)
                  | [Jiyva's grace]
 55547 | Zot:3    | Gained mutation: Your flesh is very heat resistant. (rF++)
                  | [Jiyva's grace]
 55547 | Zot:3    | Gained mutation: Your flesh is almost immune to the effects
                  | of heat. (rF+++) [Jiyva's grace]
 55857 | Zot:4    | Identified the +7 longbow of Evisceration {drain, Drain
                  | Int+5 Dex+3 Stlth+}
 55899 | Zot:4    | Reached ****** piety under Jiyva
 56494 | Zot:5    | Entered Level 5 of the Realm of Zot
 56725 | Zot:5    | Noticed an orb of fire
 56737 | Zot:5    | Noticed a dread lich
 56742 | Zot:5    | Killed an orb of fire
 56744 | Zot:5    | Noticed a dread lich
 56746 | Zot:5    | Killed a dread lich
 56754 | Zot:5    | Killed a dread lich
 56922 | Zot:5    | Noticed an orb of fire
 56922 | Zot:5    | Noticed an orb of fire
 56932 | Zot:5    | Killed an orb of fire
 56937 | Zot:5    | Killed an orb of fire
 56942 | Zot:5    | Noticed an orb of fire
 56945 | Zot:5    | Noticed a dread lich
 56955 | Zot:5    | Paralysed by a dread lich for 5 turns
 56961 | Zot:5    | Gained mutation: Your body sometimes deteriorates upon
                  | taking damage. [an orb of fire]
 56962 | Zot:5    | Killed a dread lich
 56965 | Zot:5    | Killed an orb of fire
 57081 | Zot:5    | Noticed an ancient lich
 57082 | Zot:5    | Noticed an orb of fire
 57089 | Zot:5    | Killed an ancient lich
 57094 | Zot:5    | Noticed an orb of fire
 57096 | Zot:5    | Killed an orb of fire
 57109 | Zot:5    | Killed an orb of fire
 57140 | Zot:5    | Noticed a dread lich
 57143 | Zot:5    | Noticed an orb of fire
 57153 | Zot:5    | Killed an orb of fire
 57165 | Zot:5    | Killed a dread lich
 57548 | Slime:5  | Identified the "Fiubb"
 57548 | Tomb:3   | Identified the "Tyceek"
 57548 | Tar:7    | Identified the "Jafuock"
 57548 | Tar:7    | Identified the of Dakkofuf
 57548 | Dis:7    | Identified the "Dyraett"
 57548 | Geh:7    | Identified the of Moivat
 57548 | Geh:7    | Identified the of Hof Zud
 57548 | Geh:7    | Identified the "Yluener"
 57548 | Pan      | Entered Pandemonium
 57564 | Pan      | Identified the +6 short sword of Foul Odours {flame, *Rage
                  | Str+3 Int+3 SInv}
 57665 | Pan      | Lost mutation: You have supernaturally acute eyesight.
                  | (SInv) [Jiyva's grace]
 57665 | Pan      | Lost mutation: You are very agile. (Dex +8, Str/Int -2)
                  | [Jiyva's grace]
 57665 | Pan      | Lost mutation: Your body sometimes deteriorates upon taking
                  | damage. [Jiyva's grace]
 57665 | Pan      | Lost mutation: Your flesh is almost immune to the effects
                  | of heat. (rF+++) [Jiyva's grace]
 57665 | Pan      | Lost mutation: You are somewhat resistant to further
                  | mutation. [Jiyva's grace]
 57665 | Pan      | Lost mutation: You have acidic saliva. [Jiyva's grace]
 57665 | Pan      | Gained mutation: Your muscles are strong. (Str +4, Int/Dex
                  | -1) [Jiyva's grace]
 57665 | Pan      | Gained mutation: Your muscles are very strong. (Str +8,
                  | Int/Dex -2) [Jiyva's grace]
 57665 | Pan      | Gained mutation: You are very agile. (Dex +8, Str/Int -2)
                  | [Jiyva's grace]
 57665 | Pan      | Gained mutation: Your translucent skin slightly reduces
                  | your foes' accuracy. (Stealth+) [Jiyva's grace]
 57802 | Pan      | Noticed Vijangau the pandemonium lord
 57811 | Pan      | Killed Vijangau the pandemonium lord
 58007 | Pan      | Noticed Mennas
 58017 | Pan      | Killed Mennas
 59042 | Pan      | Noticed Rizuocoa the pandemonium lord
 59116 | Pan      | Killed Rizuocoa the pandemonium lord
 59348 | Pan      | Lost mutation: Your muscles are very strong. (Str +8,
                  | Int/Dex -2) [Jiyva's grace]
 59348 | Pan      | Gained mutation: You are partially covered in large bone
                  | plates. (SH +4) [Jiyva's grace]
 59348 | Pan      | Gained mutation: You are mostly covered in large bone
                  | plates. (SH +6) [Jiyva's grace]
 59348 | Pan      | Gained mutation: You are completely covered in large bone
                  | plates. (SH +8) [Jiyva's grace]
 59348 | Pan      | Gained mutation: You expend magic power (3 MP) to
                  | strengthen your wands. [Jiyva's grace]
 59402 | Pan      | Found an exit through the horrors of the Abyss.
 59463 | Pan      | Found a huge runed translucent gate.
 59464 | Pan      | Found a huge runed translucent gate.
 59465 | Pan      | Found a huge runed translucent gate.
 59466 | Pan      | Found a huge runed translucent gate.
 59468 | Pan      | Found a huge runed translucent gate.
 59469 | Pan      | Found a huge runed translucent gate.
 59470 | Pan      | Found a huge runed translucent gate.
 59476 | Pan      | Noticed Roggiohu the pandemonium lord
 59533 | Pan      | HP: 14/298 [??? (7)]
 59535 | Pan      | Annihilated by a reaper

Illustrated notes

Levels and vault maps discovered:
D:1:      pf_arrival_petrified_forest, layout_basic, minmay_cupped
D:2:      layout_rooms, serial_forest, infiniplex_forest_clump_small,
          infiniplex_forest_clump_small, infiniplex_forest_end_1,
          infiniplex_forest_lined_ring, minmay_domino_4
D:3:      layout_basic, st_stairs_7, minmay_fractal_squares_5
D:4:      black_bear_nest_1, layout_cave_pools
D:5:      layout_rooms, amethyst_killhole, minivault_26
D:6:      layout_basic, minmay_temple_entry_wispy, uniq_sigmund,
          uniq_crazy_yiuf_cottage, uniq_jeremiah
D:7:      layout_basic, uniq_duvessa
D:8:      layout_rooms, hex_medium, ebering_dispersal_statue_hall,
          kennysheep_generic_room_2
D:9:      layout_gridville
D:10:     layout_irregular_city, tso_oasis_becter, due_lair_maze_entry_diamond
D:11:     minmay_cornered_nines, layout_irregular_city, orc_david_3,
          uniq_maurice
D:12:     layout_stronghold, nicolae_trove_entry_diagonal, drop_trap,
          uniq_rupert
D:13:     layout_irregular_city, uniq_lodul
D:14:     layout_irregular_city, erik_vaults_2, serial_glass, glass_columns_b,
          glass_columns_a, minivault_8
D:15:     gammafunk_depths_entry_grave, layout_long_grid,
          minmay_stone_trees_small, grunt_tough_drop
Temple:   mainiacjoe_temple_trianglar_array
Lair:1:   layout_chaotic_city, infiniplex_staircase_pool_2
Lair:2:   layout_misc_corridors, elwin_shoals_entry_stream,
          minmay_snake_entry_six_corridors, lemuel_fruit_tree
Lair:3:   layout_long_grid, grunt_megastairs_4
Lair:4:   layout_cave_pods, grunt_megastairs_5
Lair:5:   evil_forest, layout_cellular_growth, minmay_slime_entry_oklob_enclosed
Shoals:1: layout_shoals, nicolae_shoals_raging_river
Shoals:2: layout_shoals, ldierk_geyser
Shoals:3: layout_shoals, serial_shops, shop, nicolae_shoals_mertower
Shoals:4: shoals_end_hellmonk_storm_palace [storm_palace_center_ruins,
          storm_palace_corner_blocked, storm_palace_corner_grid,
          storm_palace_corner_narrow, storm_palace_corner_reverse_hut],
          uniq_bai_suzhen
Snake:1:  layout_onion_interference, gammafunk_ghost_necromancy,
          serial_library_hellmonk_open_square, uniq_aizul
Snake:2:  layout_basic, nrook_loot_triangle, grunt_megastairs_1, uniq_azrael
Snake:3:  layout_grid_maze
Snake:4:  minmay_snake_end_coiled, layout_cave_shapes, serial_shops, shop,
          nicolae_shop_temple_entry_statues_fountains, shop,
          hangedman_corner_corridor, serial_bayou_shore_b, uniq_vashnia,
          uniq_asterion
Orc:1:    layout_caves
Orc:2:    grunt_orc_cross, layout_diamond_mine, mines2_lemuel
Elf:1:    elf_arrival_002, layout_onion_city,
          hangedman_elven_crosses_minicolossus, minmay_strange_pillars
Elf:2:    elven_hall_of_blades_hangedman_original
          [nicolae_blade_entry_antechamber], layout_geoelf_octagon,
          serial_shops, nicolae_shop_tiny_glass, nicolae_shop_stone,
          nicolae_shop_advertising_works [nicolae_subvault_shop_adworks],
          serial_sigils, serial_sigils_hangedman_stare,
          serial_sigils_hangedman_gnaw, serial_sigils_hangedman_confine,
          serial_sigils_hangedman_scratch, minmay_librarian
Elf:3:    minmay_elf_hall_four_x, layout_geoelf_castle, serial_shops, shop,
          nicolae_zig_zag_zippers
Vaults:1: vaults_standard_mumra_x, v_misc_28, ontoclasm_vaults_shout,
          nicolae_vaults_oval_intersection, v_pattern_3, hangedman_vaults_snaps,
          ontoclasm_vaults_decontamination, vaults_room_grunt_arrival_ludios,
          layout_vaults_chaotic_city
Vaults:2: gammafunk_ghost_cemetery, hangedman_vaults_slice,
          nicolae_vaults_hexular_roomagon, v_alt_pattern_4,
          nicolae_vaults_taking_the_gang_shopping, ontoclasm_vaults_twist,
          nicolae_vaults_security_offices_2, vaults_mumra_lcd,
          grunt_vaults_funnel, nicolae_vaults_shelves_hall,
          layout_vaults_omnicross, serial_shops, nicolae_shop_window_shopping
Vaults:3: advil_vaults_ghost_guards, nicolae_vaults_tetromino_Z_2,
          minmay_crypt_entry_simple_statues, nicolae_vaults_diamond_2,
          hangedman_vaults_trim, nicolae_vaults_octagons,
          nicolae_vaults_apartment_1, ontoclasm_vaults_misaligned,
          vaults_room_pool, grunt_vaults_swirl, vaults_room_door_ring,
          v_pattern_2, hangedman_vaults_stagger, v_alt_pattern_4,
          layout_vaults_omnibox, uniq_xtahua
Vaults:4: nicolae_vaults_lightning_bolt, grunt_vaults_bifocal,
          nicolae_vaults_big_ls, grunt_vaults_hallway_short,
          vaults_standard_mumra_enter_the_diamond,
          nicolae_vaults_trapezoid_lopsided_3,
          nicolae_vaults_storing_the_good_stuff, nicolae_vaults_trapezoid_1,
          layout_vaults_omnigrid
Vaults:5
Crypt:1:  layout_gridlike, roderic_lattice_octagonal_star
Crypt:2:  layout_chaotic_city, palyth_stone_intersect, nicolae_nh_vlads_tower
Crypt:3:  david_glass_crypt, layout_chaotic_city, tomb_entry_simple_bobbens
Depths:1: layout_cave_pools, pf_vacation_house_of_asmodeus,
          hangedman_decor_diamond_cutter, serial_shops, statue_bzr,
          okawaru_trees_2, grunt_megastairs_3, serial_bayou_shore_b, uniq_norris
Depths:2: grunt_arcs, layout_twisted_cross, serial_shops,
          nicolae_shop_temple_entry_statues_fountains, kennysheep_mini_moat,
          nicolae_stop_n_shop_2, abyss_entry, rand_demon_pan_entry_4,
          hell_entry, hangedman_research_electronics
Depths:3: minmay_split_circle, layout_honeycomb, hangedman_coc_ice_floe,
          grunt_pan_entry_zigzag, abyss_entry_small_statue_room,
          grunt_decor_junction, nicolae_shop_i_like_small_books_too
Depths:4: grunt_zot_entry_bicorn, layout_honeycomb, enter_ziggurat_a,
          abyss_entry, grunt_metal_band, fountainhead, minmay_shoptagon,
          serial_bayou_shore_a
Hell
Zot:1:    layout_cathedral_of_symmetry
Zot:2:    layout_misc_corridors
Zot:3:    minmay_elemental_castle, layout_gridlike, uniq_vv
Zot:4:    layout_misc_corridors, regret_index_zotdec_tunneler,
          regret_index_zotdec_misc_clamp
Zot:5:    layout_twisted_circle
Pan:      evilmike_mini_pan_V, layout_gridlike, pan_blood_fountain_small,
          uniq_mennas_pan, evilmike_mini_pan_doors_b, layout_pan_divisions_b
          [pan_division_quadrant_b1, pan_division_quadrant_b4,
          pan_division_quadrant_b1, pan_division_quadrant_b5],
          reaverb_pan_chaos_star, pan_captured_pigsty, nicolae_pan_sigil_eeng,
          nicolae_pan_giant_door, layout_long_grid, nicolae_pan_cerebovesque_1

Skill      XL: |  1  2  3  4  5  6  7  8  9 10 11 12 13 14 15 16 17 18 19 20 21 22 23 24 25 26 27 |
---------------+----------------------------------------------------------------------------------+-----
Armour         | 3 4 5 6 7 8 9 10 11 12 13 14 15 16 | 16.6
Shields        | 3 4 5 6 7 8 9 10 11 12 13 14 15 16 17 18 19 21 | 21.1
Axes           | 2 3 4 5 7 9 10 11 12 13 14 15 16 17 18 19 20 21 22 23 24 | 24.7
Stealth        | 1 2 3 4 5 6 7 9 |  9.3
Fighting       | 4 5 6 7 8 9 10 11 12 13 14 15 16 17 18 19 20 22 | 22.7
Dodging        | 1 2 3 4 5 6 |  6.7
Invocations    | 3 5 7 9 10 12 13 14 15 17 18 19 20 21 23 25 26 27 | 27.0
Evocations     | 2 3 5 7 8 9 10 11 12 13 14 15 16 17 18 19 20 21 | 21.7
Unarmed Combat | |  0.3

Action                     |  1- 3 |  4- 6 |  7- 9 | 10-12 | 13-15 | 16-18 | 19-21 | 22-24 | 25-27 || total
---------------------------+-------+-------+-------+-------+-------+-------+-------+-------+-------++-------
  Melee: War axe           |    94 |   132 |   264 |   717 |       |       |       |       |       ||  1207
         Headbutt          |     8 |    12 |    59 |   188 |   235 |   313 |   270 |   360 |   541 ||  1986
         Kick              |       |    31 |    22 |       |       |       |       |       |       ||    53
         Broad axe         |       |       |       |    44 |   952 |  1175 |   967 |  1139 |  1778 ||  6055
         Unarmed           |       |       |       |       |       |       |       |       |    10 ||    10
         Bite              |       |       |       |       |       |       |       |       |   169 ||   169
 Invoke: Lesser Servant of |       |       |       |     8 |    23 |     7 |       |       |       ||    38
         Greater Servant o |       |       |       |       |       |     2 |       |       |       ||     2
  Evoke: Wand              |       |       |       |     9 |     7 |       |       |     2 |       ||    18
         Sack of spiders   |       |       |       |       |       |       |       |       |     1 ||     1
         Phantom mirror    |       |       |       |       |       |       |       |       |     1 ||     1
    Use: Scroll            |     6 |     3 |     5 |     9 |     7 |     2 |     3 |     3 |     1 ||    39
         Potion            |     3 |     9 |     4 |     3 |       |     3 |       |     1 |     1 ||    24
   Stab: Invisible         |       |     2 |       |       |       |       |       |       |       ||     2
         Paralysed         |       |       |       |     4 |       |       |       |     2 |       ||     6
         Distracted        |       |       |       |     1 |     2 |     1 |    12 |    26 |    48 ||    90
         Held in net/web   |       |       |       |       |       |     2 |       |       |       ||     2
         Petrifying        |       |       |       |       |       |       |       |     2 |       ||     2
         Petrified         |       |       |       |       |       |       |       |     2 |       ||     2
 Armour: Scale mail        |    57 |    26 |       |       |       |       |       |       |       ||    83
         Chain mail        |       |    47 |   204 |   687 |   785 |   881 |     9 |       |       ||  2613
         Gold dragon scale |       |       |       |       |       |       |   527 |   884 |  1178 ||  2589
         Skin              |       |       |       |       |       |       |       |       |     8 ||     8
  Dodge: Dodged            |    74 |    95 |   146 |   451 |   621 |   342 |   121 |   244 |   315 ||  2409
  Block: Buckler           |    23 |    27 |    85 |   258 |   373 |   263 |       |       |       ||  1029
         Reflection        |       |       |       |       |     2 |    97 |    79 |    30 |    37 ||   245
         Kite shield       |       |       |       |       |       |   308 |       |       |       ||   308
         Tower shield      |       |       |       |       |       |   369 |   812 |  1214 |  1613 ||  4008
         Other             |       |       |       |       |       |       |       |       |     1 ||     1

Table legend: (Time is in decaauts)
 A = Elapsed time spent in this place.
 B = Non-inter-level travel time spent in this place.
 C = Inter-level travel time spent in this place.
 D = Time resting spent in this place.
 E = Time spent auto-exploring this place.
 F = Levels seen in this place.
 G = Mean time per level.
                   A        B        C        D        E       F      G
               +--------+--------+--------+--------+--------+-----+--------+
         Total |  59417 |  53370 |   6047 |   1560 |  39015 |  59 | 1007.1 |
       Dungeon |  15551 |  13210 |   2341 |     49 |  10214 |  15 | 1036.7 |
        Temple |    500 |    433 |     67 |    283 |    117 |   1 |  500.0 |
          Lair |   6650 |   5507 |   1143 |     16 |   4327 |   5 | 1330.0 |
        Shoals |   4017 |   3829 |    188 |      0 |   2951 |   4 | 1004.2 |
     Snake Pit |   5088 |   4840 |    248 |    139 |   3709 |   4 | 1272.0 |
  Orcish Mines |   1754 |   1517 |    237 |    231 |    972 |   2 |  877.0 |
   Elven Halls |   3399 |   3100 |    299 |     19 |   2424 |   3 | 1133.0 |
        Vaults |   6073 |   5410 |    663 |    117 |   4211 |   5 | 1214.6 |
         Crypt |   2728 |   2555 |    173 |    120 |   1758 |   3 |  909.3 |
        Depths |   4619 |   4214 |    405 |    511 |   2908 |   4 | 1154.8 |
          Hell |    508 |    486 |     22 |      0 |    296 |   1 |  508.0 |
           Zot |   4087 |   3831 |    256 |      5 |   2992 |   5 |  817.4 |
         Abyss |   2526 |   2526 |      0 |     67 |    805 |   4 |  631.5 |
   Pandemonium |   1911 |   1911 |      0 |      0 |   1327 |   3 |  637.0 |
               +--------+--------+--------+--------+--------+-----+--------+

Top non-repeatable levels by time:
 Abyss:3: 1953 daAuts
    D:11: 1843 daAuts
 Snake:3: 1782 daAuts
  Lair:5: 1592 daAuts
  Lair:1: 1488 daAuts
    D:10: 1419 daAuts
    D:14: 1414 daAuts
Vaults:1: 1374 daAuts
  Lair:2: 1346 daAuts
Shoals:1: 1317 daAuts
     D:9: 1295 daAuts
Vaults:4: 1285 daAuts
Depths:4: 1270 daAuts
Depths:2: 1269 daAuts
    D:12: 1258 daAuts
